 Dungeon Sprint DCSS version 0.31-a0-75-g6fe912e8c5 (webtiles) character file.

Game seed: 975290212905480097

1 sircluck the Ruffian (level 1, 0/33 HPs)
             Began as a Troll Berserker on May 23, 2023.
             Was a Follower of Trog.
             Incinerated by a deep elf pyromancer (4 damage)
             ... with a sticky flame
             ... in the Dungeon (Sprint VII: "The Pits").
             The game lasted 00:00:23 (31 turns).

sircluck the Ruffian (Troll Berserker)                Turns: 31, Time: 00:00:23

Health: 0/33       AC:  4    Str: 24    XL:     1   Next: 16%
Magic:  0/0        EV: 10    Int:  3    God:    Trog [*.....]
Gold:   0          SH:  0    Dex:  9    Spells: 0/0 levels left

rFire   . .          .
                       - Unarmed
rCold   . . .        (no shield)
rNeg    . . .        a - +0 animal skin
rPois   .            (helmet restricted)
rElec   .            (no cloak)
rCorr   .            (gloves unavailable)
SInv    .            (boots unavailable)
Will    .....        (no amulet) Stlth
                     (no ring)
HPRegen 1.05/turn    (no ring)
MPRegen 0.07/turn

%: no teleportation
@: berserking, on fire, glowing, very quick
A: large, unfitting armour, claws 3, regeneration 1, shaggy fur 1, tough skin 1
a: Renounce Religion, Berserk


You were in the Dungeon.
You worshipped Trog.
Trog was aware of your devotion.
You visited 1 branch

Inventory:

Armour
 a - a +0 animal skin (worn)
Scrolls
 g - a scroll of blinking
Potions
 b - a potion of curing
 d - a potion of haste
 e - 2 potions of magic
 f - a potion of berserk rage


   Skills:
 + Level 2.6 Fighting
 + Level 2.6 Dodging
 + Level 3.2 Unarmed Combat


You couldn't memorise any spells.
You didn't know any spells.
Your spell library was empty.

Dungeon Overview and Level Annotations

Branches:
Dungeon (1/1)

Altars:


Innate Abilities, Weirdness & Mutations

You are too large for most types of armour.
You have claws for hands.
Your natural rate of healing is unusually fast.
You are covered in fur. (AC +1)
You have tough skin. (AC +1)


Message History

Unknown command.
You barely miss the deep elf pyromancer.
The deep elf pyromancer is moderately wounded.
You are covered in liquid flames!
The quokka barely misses you.
The deep elf pyromancer closely misses you.
You closely miss the deep elf pyromancer.
The deep elf pyromancer is moderately wounded.
You are covered in liquid flames!
The quokka bites you.
The deep elf pyromancer mumbles some strange words.
The deep elf pyromancer blinks!
A red film seems to cover your vision as you go berserk!
You feel yourself moving faster!
You feel mighty!
The quokka bites you but does no damage.
You scratch the quokka.
The quokka is severely wounded.
The quokka barely misses you.
You miss the quokka.
The quokka is severely wounded.
The quokka bites you.
You claw the quokka!
You kill the quokka!
Trog accepts your kill.
You scratch the deep elf pyromancer but do no damage.
The deep elf pyromancer is moderately wounded.
You closely miss the deep elf pyromancer.
The deep elf pyromancer is moderately wounded.
The deep elf pyromancer casts a spell at you.
The sticky flame hits you!
You are covered in liquid flames!
* * * LOW HITPOINT WARNING * * *
You scratch the deep elf pyromancer.
The deep elf pyromancer is moderately wounded.
You are covered in liquid flames!
* * * LOW HITPOINT WARNING * * *
You claw the deep elf pyromancer!
The deep elf pyromancer is severely wounded.
You are covered in liquid flames!
You die...

##########++######
#................#
#......#..#......#
#................+
+................+
#......#..#......#
#................#
####'#####e'######
#.......##@†#
#.......##......+
#.......##......+
#...<...##.....##
#.......##...###
#.......##..##
#.......##++#
#########


You could see a deep elf pyromancer.

Vanquished Creatures
  A quokka (D)
1 creature vanquished.

Notes
Turn   | Place    | Note
-------+----------+-------------------------------------------
     0 | D        | sircluck the Troll Berserker began the quest for the Orb.
     0 | D        | Reached XP level 1. HP: 22/22 MP: 0/0
    11 | D        | Noticed a deep elf pyromancer
    20 | D        | HP: 1/22 [deep elf pyromancer/sticky flame (4)]
    31 | D        | Incinerated by a deep elf pyromancer

Illustrated notes

Levels and vault maps discovered:
D:        pitsprint [storerooms_1, entrance_room_1, metal_vault_4, armoury_3,
          mini_pit_1, grid_room_1, main_hall_1, silver_pit, the_coven_1,
          the_vestibule_1, steel_vault_2, golden_pit, hallway_of_sentries,
          crystal_vault_6, iron_vault_2, final_vault]

Action                     || total
---------------------------++-------
  Melee: Unarmed           ||    16
         Punch             ||     1
 Invoke: Berserk           ||     1
    Use: Potion            ||     1
 Armour: Animal skin       ||     3
  Dodge: Dodged            ||     7

Table legend: (Time is in decaauts)
 A = Elapsed time spent in this place.
 B = Non-inter-level travel time spent in this place.
 C = Inter-level travel time spent in this place.
 D = Time resting spent in this place.
 E = Time spent auto-exploring this place.
 F = Levels seen in this place.
 G = Mean time per level.
                   A        B        C        D        E       F      G
               +--------+--------+--------+--------+--------+-----+--------+
         Total |     27 |     27 |      0 |      0 |     11 |   1 |   27.0 |
       Dungeon |     27 |     27 |      0 |      0 |     11 |   1 |   27.0 |
               +--------+--------+--------+--------+--------+-----+--------+

Top non-repeatable levels by time:
       D: 27 daAuts
